Map: Temple gelé

Players

TomAceCZ - Winner!

  • Race: Protoss Protoss
  • League: Platinum
  • Spawn Location: 5:00

zidar

  • Race: Zerg Zerg
  • League: Platinum
  • Spawn Location: 11:00

VOD

Have the link to the VOD?

Description

Time

  • Played on: Oct. 20, 2016, 2:13 p.m.
  • Length: 7:57
Show
View Real Time Build Order
Export as new Build Order

TomAceCZ Protoss - Winner!

Build Orders: Nexus First 

Get SALT Encoding   

  12  0:02  Probe (Chrono Boost)  
  13  0:13  Probe (Chrono Boost)  
  14  0:23  Probe (Chrono Boost)  
  15  0:29  Pylon  
  15  0:47  Probe (Chrono Boost)  
  16  0:57  Probe (Chrono Boost)  
  17  1:05  Nexus  
  17  1:08  Probe (Chrono Boost)  
  18  1:17  Gateway  
  18  1:20  Probe (Chrono Boost)  
  19  1:33  Assimilator  
  19  1:36  Probe (Chrono Boost), Assimilator  
  20  1:48  Probe (Chrono Boost)  
  20  1:49  Gateway  
  21  1:56  Pylon  
  21  1:58  Probe (Chrono Boost)  
  22  2:07  Pylon  
  22  2:09  Probe (Chrono Boost)  
  22  2:14  Zealot  
  25  2:18  Probe (Chrono Boost)  
  26  2:35  Cybernetics Core  
  26  2:36  Probe x2 (Chrono Boost)  
  28  2:41  Zealot  
  30  2:46  Probe (Chrono Boost)  
  30  2:50  Probe (Chrono Boost)  
  32  2:57  Probe (Chrono Boost)  
  33  3:00  Probe (Chrono Boost)  
  34  3:12  Pylon  
  34  3:13  Probe (Chrono Boost)  
  34  3:14  Probe (Chrono Boost)  
  34  3:15  Warp Gate  
  36  3:23  Twilight Council  
  36  3:24  Mothership Core (Chrono Boost), Probe (Chrono Boost)  
  39  3:29  Stalker  
  39  3:33  Stalker  
  43  3:35  Probe (Chrono Boost)  
  44  3:43  Probe (Chrono Boost)  
  44  3:45  Probe (Chrono Boost)  
  46  3:54  Gateway  
  46  3:55  Gateway  
  46  3:56  Probe x2 (Chrono Boost)  
  48  4:12  Probe x2 (Chrono Boost)  
  50  4:23  Probe (Chrono Boost)  
  50  4:24  Probe (Chrono Boost)  
  52  4:27  Blink (Chrono Boost)  
  52  4:30  Gateway  
  52  4:35  Gateway  
  52  4:37  Gateway  
  52  4:38  Assimilator  
  52  4:42  Assimilator  
  51  5:09  Pylon  
  51  5:20  Dark Shrine  
  51  5:21  Pylon  
  51  5:23  Pylon  
  51  5:25  Pylon  
  51  5:35  Stalker x3  
  51  5:36  Stalker x3  
  51  5:37  Stalker  
  51  5:42  Probe  
  65  5:43  Probe, Pylon  
  67  6:01  Gateway  
  67  6:02  Probe  
  67  6:03  Probe  
  69  6:30  Nexus  
  69  6:31  Pylon  
  69  6:33  Pylon  
  69  6:45  Pylon  
  69  6:50  Dark Templar  
  69  6:51  Dark Templar x4  
  79  6:57  Stalker  
  79  6:58  Stalker x2  
  85  7:09  Probe  
  86  7:27  Stalker  
  86  7:28  Stalker x5  
  86  7:29  Gateway, Stalker x2  
  102  7:30  Gateway  
  102  7:35  Pylon x2  
Show
View Real Time Build Order
Export as new Build Order

zidar Zerg 

Build Orders: Hatch First 

Get SALT Encoding   

  12  0:02  Drone  
  13  0:12  Overlord  
  13  0:18  Drone  
  14  0:36  Drone x3  
  17  0:56  Hatchery  
  16  1:01  Extractor, Drone  
  16  1:18  Spawning Pool  
  15  1:28  Drone x2  
  15  1:31  Drone  
  18  1:48  Drone  
  21  2:10  Queen  
  21  2:11  Queen  
  23  2:17  Metabolic Boost  
  23  2:20  Extractor  
  22  2:25  Drone  
  22  2:26  Drone x3  
  22  2:29  Zergling x2  
  27  2:33  Zergling x2  
  28  2:48  Roach Warren  
  26  3:07  Overlord x2  
  26  3:10  Overlord  
  26  3:32  Roach x4  
  34  3:49  Lair  
  34  3:51  Drone x2  
  34  3:55  Drone  
  37  3:57  Ravager  
  38  4:09  Drone x3  
  40  4:26  Zergling x2  
  40  4:27  Zergling x4  
  43  4:39  Overlord  
  43  4:40  Overlord x2  
  42  5:12  Evolution Chamber  
  42  5:13  Evolution Chamber, Drone x6  
  46  5:15  Hydralisk Den  
  45  5:31  Hatchery  
  44  5:38  Drone x5  
  49  5:58  Extractor  
  49  6:00  Extractor  
  49  6:01  Zerg Ground Armor Level 1  
  49  6:02  Zerg Missile Weapons Level 1, Lurker Den  
  47  6:07  Hydralisk x2  
  47  6:10  Overseer  
  51  6:19  Drone x3  
  51  6:21  Drone x2  
  51  6:24  Overlord  
  56  6:44  Drone x9  
  65  7:08  Drone x10  
  75  7:13  Overlord  
  75  7:27  Hydralisk  
  75  7:28  Hydralisk x2  
Tags
 
Add a new tag
Caveats
  • Supply blocks, unpowered buildings, or Contaminate may cause inaccurate times.
  • Supply counts are checked every 10 seconds.